 Dungeon Crawl Stone Soup version 0.26.1-11-gd32895ea62 (webtiles) character file.

Game seed: 9193825799566123349

1181 nothank2 the Carver (level 8, -4/63 HPs)
             Began as a Formicid Fighter on July 14, 2021.
             Was a Follower of the Shining One.
             Slain by a troll (6 damage)
             ... on level 5 of the Dungeon.
             The game lasted 00:14:35 (6769 turns).

nothank2 the Carver (Formicid Fighter)              Turns: 6769, Time: 00:14:36

Health: -4/63      AC: 12    Str: 27    XL:     8   Next: 70%
Magic:  8/8        EV:  8    Int:  7    God:    the Shining One [*.....]
Gold:   310        SH: 11    Dex: 10    Spells: 7/7 levels left

rFire    . . .     SeeInvis +   a - +0 long sword
rCold    . . .     Faith    .   c - +1 kite shield
rNeg     . . .     Spirit   .   e - +0 scale mail
rPois    .         Reflect  .   (helmet unavailable)
rElec    .         Harm     .   (no cloak)
rCorr    .         Rampage  .   (no gloves)
Will     +....                  g - +0 pair of boots
Stlth    ..........             (no amulet)
HPRegen  0.20/turn              y - ring "Tangad" {+Fly Will+ Str+3}
MPRegen  0.11/turn              j - +4 ring of protection

@: glowing
A: permanent stasis, dig shafts and tunnels, four strong arms, antennae 3
a: Dig, Shaft Self, Renounce Religion, Evoke Flight


You were on level 5 of the Dungeon.
You worshipped the Shining One.
The Shining One was aware of your devotion.
You visited 2 branches of the dungeon, and saw 7 of its levels.

You collected 310 gold pieces.

Inventory:

Hand Weapons
 a - a +0 long sword (weapon)
 r - a +2 spear of freezing
 u - a +2 whip of venom
Missiles
 k - 35 poisoned darts (quivered)
Armour
 c - a +1 kite shield (worn)
 e - a +0 scale mail (worn)
 g - a +0 pair of boots (worn)
Jewellery
 j - a +4 ring of protection (right hand)
 s - an uncursed ring of ice
 y - the ring "Tangad" (left hand) {+Fly Will+ Str+3}
   (You found it on level 5 of the Dungeon)

   [ring of flight]

   It affects your strength (+3).
   It affects your willpower, your defense against some magical effects.
   It lets you fly.
Scrolls
 f - a scroll of random uselessness {unknown}
 i - 4 scrolls of identify
 l - a scroll of fear
Potions
 b - a potion of invisibility {unknown}
 d - 2 potions of might
 m - a potion of cancellation {unknown}
 n - a potion of attraction {unknown}
 o - 3 potions of brilliance
 p - a potion of magic {unknown}
 q - a potion of heal wounds {unknown}
 x - a potion of curing


   Skills:
 - Level 5.4 Fighting
 * Level 9.2 Long Blades
 - Level 3.2 Armour
 - Level 3.6 Shields


You had 7 spell levels left.
You didn't know any spells.
Your spell library was empty.

Dungeon Overview and Level Annotations

Branches:
Dungeon (6/15)             Temple (1/1) D:4

Altars:
Hepliaklqana
Makhleb
Ru
Sif Muna
Xom
Yredelemnul
The Shining One


Innate Abilities, Weirdness & Mutations

You cannot be hasted, slowed, berserked, paralysed or teleported.
You can dig through walls and to a lower floor.
Your four strong arms can wield two-handed weapons with a shield.
You have a pair of large antennae on your head. (SInv)


Message History

There is an open door here.
You see here a +0 robe.
Things that are here:
a cursed +1 dagger; a +0 robe
There is a stone staircase leading up here.
The troll bites you!
* * * LOW HITPOINT WARNING * * *
You block the troll's attack. x2
You climb upwards.
There is a stone staircase leading down here.
Things that are here:
a +0 robe; a +3 hand axe The troll bites you.
* * * LOW HITPOINT WARNING * * *
The troll claws you.
* * * LOW HITPOINT WARNING * * *
The troll claws you!
* * * LOW HITPOINT WARNING * * *
You open the door. You block the troll's attack. The troll claws you.
You die...

#....############.............
###### #.............
#<............ #.............
#............. #.............
#################.............
#.............#.##############
#...........T@'........#.....#
#..........[..#........#.....#
#.............#........#.....#
#...รท.........#........#.....#
#.............###.##..####'###
#......##########.##'###....##
#......#........'......#......
#......#........#......'......
#......#..#######+###'########


You could see a troll.

Vanquished Creatures
  An ice beast (D:5)
  A centaur (D:5)
  A big kobold (D:4)
  2 bullfrogs
  5 wights
  A gnoll shaman (D:4)
  2 hounds
  2 orc priests (D:4)
  4 orc wizards
  Terence (D:2)
  3 worker ants
  A worker ant zombie (D:5)
  Robin (D:2)
  4 adders
  3 gnolls
  An ufetubus (D:5)
  An adder skeleton (D:5)
  5 worms
  A dart slug (D:1)
  2 leopard geckos (D:1)
  17 orcs
  3 giant cockroaches
  11 goblins
  13 hobgoblins
  8 jackals
  29 kobolds
  4 quokkas
  A ball python (D:1)
  6 bats
  11 frilled lizards
  A giant cockroach zombie (D:5)
  6 rats
152 creatures vanquished.

Vanquished Creatures (others)
  27 plants (D:4)
27 creatures vanquished.

Grand Total: 179 creatures vanquished

Notes
Turn   | Place    | Note
-------+----------+-------------------------------------------
     0 | D:1      | nothank2 the Formicid Fighter began the quest for the Orb.
     0 | D:1      | Reached XP level 1. HP: 18/18 MP: 1/1
   288 | D:1      | Reached XP level 2. HP: 23/24 MP: 2/2
   916 | D:1      | Reached XP level 3. HP: 30/30 MP: 3/3
   935 | D:1      | Reached skill level 3 in Long Blades
  1325 | D:2      | Reached XP level 4. HP: 30/37 MP: 4/4
  1695 | D:2      | Noticed Terence
  1707 | D:2      | Killed Terence
  1755 | D:2      | Reached skill level 4 in Long Blades
  1755 | D:2      | Reached XP level 5. HP: 32/43 MP: 5/5
  2412 | D:2      | Noticed Robin
  2448 | D:2      | Killed Robin
  3255 | D:3      | Reached XP level 6. HP: 34/49 MP: 6/6
  3277 | D:3      | Reached skill level 5 in Long Blades
  3548 | D:4      | Reached skill level 5 in Fighting
  3690 | D:4      | Found a staircase to the Ecumenical Temple.
  3700 | Temple   | Entered the Ecumenical Temple
  3755 | Temple   | Became a worshipper of the Shining One
  4197 | D:4      | Reached XP level 7. HP: 32/56 MP: 7/7
  4471 | D:4      | Reached skill level 6 in Long Blades
  4770 | D:4      | Found a burning altar of Makhleb.
  4770 | D:4      | Noticed an Executioner
  5481 | D:5      | Entered Level 5 of the Dungeon
  5552 | D:5      | Reached skill level 7 in Long Blades
  5577 | D:5      | Reached XP level 8. HP: 34/63 MP: 8/8
  5756 | D:5      | Found a sacrificial altar of Ru.
  5794 | D:5      | Reached * piety under the Shining One
  5802 | D:5      | Found a hazy altar of Hepliaklqana.
  5805 | D:5      | Found a shimmering altar of Xom.
  5809 | D:5      | Found a basalt altar of Yredelemnul.
  5920 | D:5      | Got a steaming platinum ring
  5927 | D:5      | Identified the ring "Tangad" {+Fly Will+ Str+3} (You found
                  | it on level 5 of the Dungeon)
  5973 | D:5      | Reached skill level 8 in Long Blades
  6595 | D:6      | Reached skill level 9 in Long Blades
  6684 | D:6      | Noticed a troll
  6766 | D:5      | HP: 1/63 [troll (9)]
  6769 | D:5      | Slain by a troll

Illustrated notes

Levels and vault maps discovered:
D:1:      dpeg_arrival_concentric_ovals, layout_loops_corners,
          minmay_lizard_pond
D:2:      layout_basic, serial_aquarium, aquarium_bridge_island_small
          [aquarium_subvault_small_water, aquarium_subvault_window,
          aquarium_subvault_bridge, aquarium_subvault_window,
          aquarium_subvault_bridge], aquarium_window_corridor_3,
          aquarium_window_fake, aquarium_view_2c, uniq_terence, uniq_robin
D:3:      layout_loops_cross
D:4:      kennysheep_kobold_camp, layout_loops_ring, makhleb_altar_promises_db,
          minmay_temple_entry_stoned_glass
D:5:      layout_gridville, nicolae_overflow_hidden_temple, minmay_misc_feat_chi
D:6:      cheibrodos_fzero, layout_gridville
Temple:   minmay_temple_curvy_loop

Skill      XL: |  1  2  3  4  5  6  7  8 |
---------------+-------------------------+-----
Long Blades    | 3 4 5 7 9 |  9.2
Fighting       | 4 5 |  5.4
Armour         | |  3.2
Shields        | |  3.6

Action                   |  1- 3 |  4- 6 |  7- 9 || total
-------------------------+-------+-------+-------++-------
Melee: Long sword        |   104 |   221 |   206 ||   531
Throw: Javelin           |       |     1 |     4 ||     5
       Dart              |       |       |     5 ||     5
  Use: Potion            |       |       |     1 ||     1
       Scroll            |       |       |     7 ||     7
Armor: Scale mail        |    40 |    98 |    82 ||   220
Dodge: Dodged            |    39 |    73 |    75 ||   187
Block: Kite shield       |    68 |   130 |   119 ||   317
       Rpst.: Long sword |    15 |    17 |    17 ||    49
